 Dungeon Crawl Stone Soup version 0.31.0-12-g77e489cdc1 (webtiles) character file.

Game seed: 9965249795637005497

1288 LabCoat the Trooper (level 8, -2/70 HPs)
             Began as a Hill Orc Fighter on Feb 11, 2024.
             Was an Initiate of Trog.
             Slain by an ice beast (11 damage)
             ... on level 6 of the Dungeon.
             The game lasted 00:17:24 (6214 turns).

LabCoat the Trooper (Hill Orc Fighter)              Turns: 6214, Time: 00:17:25

Health: -2/70      AC: 16    Str: 21    XL:     8   Next: 55%
Magic:  8/8        EV:  8    Int:  8    God:    Trog [......]
Gold:   337        SH:  4    Dex: 10    Spells: 7/7 levels left

rFire   . . .        a - +0 war axe
rCold   . . .        c - +0 buckler
rNeg    . . .        h - +3 chain mail {rPois}
rPois   +            w - +1 helmet
rElec   .            (no cloak)
rCorr   .            (no gloves)
SInv    .            t - +0 pair of boots
Will    .....        (no amulet) Stlth
                     (no ring)
HPRegen 0.31/turn    (no ring)
MPRegen 0.11/turn

%: no passive effects
@: no status effects
A: no striking features
a: Renounce Religion


You were on level 6 of the Dungeon.
You worshipped Trog.
Trog was noncommittal.
You visited 2 branches of the dungeon, and saw 7 of its levels.

You collected 337 gold pieces.

Inventory:

Hand Weapons
 a - a +0 war axe (weapon)
 e - a +0 flail of venom
 j - the +1 hand axe of Crystal {protect, *Noise +Blink rElec rPois Dex-5}
   (You found it on level 2 of the Dungeon)

   Dex-5:     It affects your dexterity (-5).
   rElec:     It insulates you from electricity.
   rPois:     It protects you from poison +Blink: It lets you blink.
   *Noise:    It may make a loud noise when swung.
Missiles
 b - 2 throwing nets
 r - 10 poisoned darts (quivered)
 z - 6 boomerangs
Armour
 c - a +0 buckler (worn)
 h - a +3 chain mail of poison resistance (worn)
 t - a +0 pair of boots (worn)
 v - a +0 helmet
 w - a +1 helmet (worn)
Wands
 d - a wand of mindburst (1)
Scrolls
 f - a scroll of noise
 i - 4 scrolls of teleportation
 l - a scroll of poison
 n - 2 scrolls of amnesia {unknown}
 p - a scroll of blinking {unknown}
 q - a scroll of revelation {unknown}
 u - a scroll of immolation {unknown}
 x - a scroll of enchant weapon {unknown}
 y - a scroll of fear {unknown}
Potions
 g - a potion of magic
 k - a potion of enlightenment
 m - a potion of ambrosia
 o - 3 potions of heal wounds
 s - a potion of mutation {unknown}


   Skills:
 * Level 6.2 Fighting
 * Level 6.2 Axes
 + Level 2.6 Throwing
 * Level 5.7 Armour
 + Level 2.1 Dodging
 + Level 4.6 Shields
 * Level 3.9 Evocations


You had 7 spell levels left.
You didn't know any spells.
Your spell library contained the following spells:

 Spells                   Type           Power      Damage    Failure   Level
 Ensorcelled Hibernation  Hex/Ice        0%         N/A       99%         2
 Passwall                 Erth           0%         N/A       100%        3
 Swiftness                Air            0%         N/A       100%        3
 Summon Blazeheart Golem  Fire/Summ      0%         N/A       100%        4
 Orb of Destruction       Conj           0%         9d5       100%        7
 Spellforged Servitor     Conj/Summ      0%         N/A       100%        7


Dungeon Overview and Level Annotations

Branches:
Dungeon (6/15)             Temple (1/1) D:6

Altars:
Ashenzari
Cheibriados
Dithmenos
Elyvilon
Fedhas
Hepliaklqana
Kikubaaqudgha
Makhleb
Nemelex Xobeh
Okawaru
Qazlal
Ru
Sif Muna
Trog
Uskayaw
Vehumet
Wu Jian
Xom
Yredelemnul
Zin
The Shining One

Shops:
D:1 :   D:5 !

Annotations:
D:3 1 transporter, HourglassMan's ghost, weakling NaMo
D:5 1 runed translucent door, Gladio's ghost, novice TeBe
D:6 3 runed translucent doors, dvd2's ghost, novice AtWr


Message History

The bolt of electricity hits the plant!
The plant begins to die.
The bolt of electricity hits you! x2
You closely miss the centaur. You hit the plant.
The centaur closely misses you.
The centaur kicks you but does no damage.
The centaur completely misses you.
The centaur kicks you but does no damage.
Something hits the plant.
You slash the centaur!
The centaur is severely wounded.
The orc priest shouts, "Beogh is our master!
Accept the truth or die!"
You hit the plant.
The orc priest shouts, "Join the one true god or die!"
The centaur hits you. You block the centaur's attack.
Something hits the plant.
The centaur hits you but does no damage.
The centaur kicks you but does no damage.
You hit the centaur.
The centaur is almost dead.
You hit the plant.
The centaur hits you but does no damage.
The centaur kicks you but does no damage.
The electric eel shoots out a bolt of lightning at you!
The bolt of electricity hits the plant.
The bolt of electricity hits you. The bolt of electricity hits you!
* * * LOW HITPOINT WARNING * * *
Something hits the plant.
Okay, then.
A nearby plant withers and dies.
The electric eel shoots out a bolt of lightning at you!
The bolt of electricity hits you.
* * * LOW HITPOINT WARNING * * *
The centaur hits you but does no damage.
The centaur kicks you but does no damage.
The centaur completely misses you.
The centaur kicks you but does no damage.
The ice beast attacks as it pursues you!
The ice beast hits you.
* * * LOW HITPOINT WARNING * * *
The ice beast freezes you!
You die...

.[ ~~.~.~.♣....
...♣.~~~.~~P....#
#P~♣~~≈≈~~~~P.....
#P.~.~≈≈~.~~.....#..P~
#.P.~~o~~.~~..#..#P~~~♣
...~~ooSW~~♣.#....P.PP♣ ~
#....o.5.#P....#..PP~P♣♣♣~P
#s.##...#....PP~~~♣~P
##c#@..##.#....~~~P~~
##.[Y.......<...P~P~..
#...................#...
#...................#...
....#########............
P....#.shWfc #............
P..%.#...#...#............
.....+..#.#$.#.......♣~~~.
.+.....$.#..###..~~P~~


You could see an ice beast, a sleepcap, a centaur, a scorpion, a hound and
dvd2's ghost.

Vanquished Creatures
  A black bear (D:5)
  2 ice beasts
  An ogre (D:4)
  A phantom (D:5)
  A gnoll sergeant (D:5)
  A scorpion (D:4)
  4 bombardier beetles (D:5)
  3 jellies
  Ijyb (D:3)
  3 iguanas
  3 orc wizards (D:4)
  Robin (D:3)
  12 gnolls
  7 adders
  3 shadow imps (D:5)
  A white imp (D:5)
  2 ufetubi (D:5)
  3 dart slugs
  2 ribbon worms (D:3)
  7 orcs
  6 bats
  2 endoplasms (D:4)
  5 giant cockroaches
  13 goblins
  6 hobgoblins
  5 jackals (D:4)
  7 kobolds
  3 quokkas
  6 ball pythons
  6 rats
118 creatures vanquished.

Notes
Turn   | Place    | Note
-------+----------+-------------------------------------------
     0 | D:1      | LabCoat the Hill Orc Fighter began the quest for the Orb.
     0 | D:1      | Reached XP level 1. HP: 19/19 MP: 1/1
    71 | D:1      | Reached XP level 2. HP: 27/27 MP: 2/2
   162 | D:1      | Reached XP level 3. HP: 29/33 MP: 3/3
   581 | D:1      | Found Byofed's Book Shop.
   581 | D:1      | Noticed a walking crystal tome
   583 | D:1      | Noticed a walking crystal tome
   678 | D:2      | Reached skill level 1 in Evocations
   686 | D:2      | Identified the +1 hand axe of Crystal {protect, *Noise
                  | +Blink rElec rPois Dex-5}
  1026 | D:2      | Reached XP level 4. HP: 37/40 MP: 4/4
  1779 | D:3      | Noticed Ijyb
  1790 | D:3      | Killed Ijyb
  1791 | D:3      | Reached skill level 1 in Throwing
  1970 | D:3      | Reached XP level 5. HP: 27/46 MP: 5/5
  2141 | D:3      | Found a faded altar of an unknown god.
  2418 | D:3      | Identified the +3 leather armour of Honesty {rF+}
  2496 | D:3      | Noticed Robin
  2509 | D:3      | Killed Robin
  2591 | D:3      | Found a transporter.
  2591 | D:3      | Noticed an ogre
  2592 | D:3      | Noticed HourglassMan's ghost (weakling NaMo)
  2595 | D:3      | Noticed an ogre
  2633 | D:4      | Reached skill level 1 in Dodging
  2706 | D:4      | Found a glowing drain.
  2790 | D:4      | Noticed an ice beast
  2799 | D:4      | Killed an ice beast
  2800 | D:4      | Reached XP level 6. HP: 27/53 MP: 6/6
  3491 | D:4      | Reached skill level 5 in Fighting
  3491 | D:4      | Reached XP level 7. HP: 44/61 MP: 7/7
  3756 | D:4      | Reached skill level 5 in Axes
  4050 | D:5      | Entered Level 5 of the Dungeon
  4152 | D:5      | Reached skill level 5 in Armour
  4714 | D:5      | Reached XP level 8. HP: 53/70 MP: 8/8
  5177 | D:5      | Found a runed translucent door.
  5183 | D:5      | Noticed Gladio's ghost (novice TeBe)
  5210 | D:5      | Found Paost's Distillery.
  5252 | D:5      | You fall into a shaft and drop 1 floor!
  5252 | D:6      | Found a staircase to the Ecumenical Temple.
  5258 | Temple   | Entered the Ecumenical Temple
  5281 | Temple   | Became a worshipper of Trog the Wrathful
  6190 | D:6      | Noticed dvd2's ghost (novice AtWr)
  6199 | D:6      | Found a runed translucent gate.
  6199 | D:6      | Found a runed translucent gate.
  6199 | D:6      | Found a runed translucent gate.
  6214 | D:6      | Slain by an ice beast

Illustrated notes

Levels and vault maps discovered:
D:1:      ncdulo_watergridlock, layout_rooms, serial_shops,
          nicolae_shop_mannequins, minmay_hexomino_f4
D:2:      layout_basic
D:3:      layout_loops_cross, hellmonk_ecumenical_altar_lost_god,
          gammafunk_ghost_smash, hangedman_abyss_or_decor_stabs, uniq_robin,
          uniq_ijyb
D:4:      layout_basic, gup_sewer_entry_glass, minmay_crystal_water
D:5:      minmay_angry_zag, layout_basic, ebering_ghost_sewer_d, serial_shops,
          shop
D:6:      layout_rooms, grunt_gozag_breadcrumbs, temple_hall,
          gammafunk_ghost_split, serial_bayou, serial_bayou_pond_e,
          serial_bayou_pond_c, serial_bayou_pond_b, serial_bayou_pond_c
Temple:   nicolae_temple_the_god_donut

Skill      XL: |  1  2  3  4  5  6  7  8 |
---------------+-------------------------+-----
Axes           | 3 4 5 6 |  6.2
Evocations     | 1 2 3 |  3.9
Fighting       | 4 5 6 |  6.2
Throwing       | 1 2 |  2.6
Armour         | 4 5 |  5.7
Dodging        | 1 2 |  2.1
Shields        | 4 |  4.6

Action                     |  1- 3 |  4- 6 |  7- 9 || total
---------------------------+-------+-------+-------++-------
  Melee: War axe           |    59 |    87 |   153 ||   299
         Hand axe          |    33 |    16 |       ||    49
         Flail             |       |    47 |       ||    47
  Throw: Dart              |       |       |     8 ||     8
         Throwing net      |       |       |     1 ||     1
  Evoke: Wand              |       |       |     3 ||     3
    Use: Scroll            |     3 |     6 |     1 ||    10
         Potion            |       |     2 |     2 ||     4
 Armour: Scale mail        |    68 |    10 |       ||    78
         Chain mail        |       |   133 |   176 ||   309
  Dodge: Dodged            |    51 |    50 |    85 ||   186
  Block: Buckler           |    17 |    33 |    48 ||    98
